PL
BOSTON PATRIOTS @ BROOKLYN DODGERS
09/01/2029
 
TOP OF THE 1ST
Boston Patriots batting - Pitching for Brooklyn Dodgers : LHP Addie Samson
Pitching: LHP Addie Samson
Batting: RHB Tamasaburo Kato 0-0: Ball
1-0: Ball
2-0: Called Strike
2-1: Foul Ball, location: 2F
2-2: Ball
3-2: Ground out 6-3 (Groundball, 6)
Batting: RHB Karl Schultz 0-0: Ground out 6-3 (Groundball, 6)
Batting: RHB Tommy Jones 0-0: Foul Ball, location: 2F
0-1: Ball
1-1: Foul Ball, location: 2F
1-2: Ball
2-2: Foul Ball, location: 2F
2-2: Ball
3-2: Ground out 6-3 (Groundball, 56)
Top of the 1st over - 0 runs, 0 hits, 0 errors, 0 left on base; Boston 0 - Brooklyn 0
BOTTOM OF THE 1ST
Brooklyn Dodgers batting - Pitching for Boston Patriots : LHP Jesús Franco
Pitching: LHP Jesús Franco
Batting: LHB Ki-tak Im 0-0: Bunted foul
0-1: Swinging Strike
0-2: Ground out U3 (Groundball, 3)
Batting: LHB Mysterious Walker 0-0: Called Strike
0-1: Ball
1-1: Fly out, F9 (Flyball, 9S)
Batting: LHB Jérôme Masson 0-0: Ball
1-0: Fly out, F6 (Flyball, 56D)
Bottom of the 1st over - 0 runs, 0 hits, 0 errors, 0 left on base; Boston 0 - Brooklyn 0
TOP OF THE 2ND
Boston Patriots batting - Pitching for Brooklyn Dodgers : LHP Addie Samson
Batting: RHB Juan Tapia 0-0: Ball
1-0: Called Strike
1-1: Foul Ball, location: 2F
1-2: Strikes out swinging
Batting: RHB Terry Armstrong 0-0: Ball
1-0: Ball
2-0: Ball
3-0: Base on Balls
Batting: RHB Eddie O'Bryan 0-0: Ball
1-0: SINGLE (Line Drive, 34D)
Terry Armstrong to second
Runner from 2nd tries for 3rd, SAFE, no throw
Batting: SHB Jorge Velázquez 0-0: Ball
1-0: Grounds into double play, 4-6-3 (Groundball, 4)
Top of the 2nd over - 0 runs, 1 hit, 0 errors, 1 left on base; Boston 0 - Brooklyn 0
BOTTOM OF THE 2ND
Brooklyn Dodgers batting - Pitching for Boston Patriots : LHP Jesús Franco
Batting: LHB Manuel Carmona 0-0: Ground out 4-3 (Groundball, 4)
Batting: RHB Brent Ryan 0-0: Ball
1-0: Foul Ball, location: 2F
1-1: Ball
2-1: Swinging Strike
2-2: Strikes out looking
Batting: RHB Ulbert Sutkamp 0-0: Ball
1-0: Foul Ball, location: 2F
1-1: Fly out, F8 (Flyball, 8RM)
Bottom of the 2nd over - 0 runs, 0 hits, 0 errors, 0 left on base; Boston 0 - Brooklyn 0
TOP OF THE 3RD
Boston Patriots batting - Pitching for Brooklyn Dodgers : LHP Addie Samson
Batting: RHB Alfredo García 0-0: Ground out 1-3 (Groundball, P)
Batting: RHB Miguel Márquez 0-0: Called Strike
0-1: Ball
1-1: Called Strike
1-2: Ball
2-2: Ground out 4-3 (Groundball, 4)
Batting: RHB Tamasaburo Kato 0-0: Ball
1-0: SINGLE (Line Drive, 9LM)
Batting: RHB Karl Schultz 0-0: Called Strike
0-1: SINGLE (Line Drive, 78S)
Tamasaburo Kato to second
Batting: RHB Tommy Jones 0-0: Swinging Strike
0-1: SINGLE (Groundball, 56D)
Tamasaburo Kato to third
Karl Schultz to second
Runner from 3rd tries for Home, SAFE, throw made home
Batting: RHB Juan Tapia 0-0: Ball
1-0: Called Strike
1-1: SINGLE (Groundball, 34D)
Karl Schultz to third
Tommy Jones to second
Runner from 3rd tries for Home, SAFE, no throw
Batting: RHB Terry Armstrong 0-0: Swinging Strike
0-1: Ball
1-1: Foul Ball, location: 2F
1-2: Fielders Choice at 2nd, 6-4 (Groundball, 6)
Top of the 3rd over - 2 runs, 4 hits, 0 errors, 2 left on base; Boston 2 - Brooklyn 0
BOTTOM OF THE 3RD
Brooklyn Dodgers batting - Pitching for Boston Patriots : LHP Jesús Franco
Batting: SHB Juan Rivas 0-0: Ball
1-0: Called Strike
1-1: Ball
2-1: Ball
3-1: Base on Balls
Batting: RHB Chandler Bailey 0-0: Grounds into double play, 6-4-3 (Groundball, 6)
Batting: RHB Vincent Crane 0-0: Swinging Strike
0-1: Ball
1-1: Ball
2-1: Ground out 4-3 (Groundball, 4)
Bottom of the 3rd over - 0 runs, 0 hits, 0 errors, 0 left on base; Boston 2 - Brooklyn 0
TOP OF THE 4TH
Boston Patriots batting - Pitching for Brooklyn Dodgers : LHP Addie Samson
Batting: RHB Eddie O'Bryan 0-0: Called Strike
0-1: Ball
1-1: Fly out, F4 (Line Drive, 4)
Batting: SHB Jorge Velázquez 0-0: Called Strike
0-1: Swinging Strike
0-2: Strikes out swinging, 2-3 out at first.
Batting: RHB Alfredo García 0-0: Swinging Strike
0-1: Ball
1-1: Ground out 6-3 (Groundball, 6)
Top of the 4th over - 0 runs, 0 hits, 0 errors, 0 left on base; Boston 2 - Brooklyn 0
BOTTOM OF THE 4TH
Brooklyn Dodgers batting - Pitching for Boston Patriots : LHP Jesús Franco
Batting: LHB Ki-tak Im 0-0: Called Strike
0-1: Ball
1-1: Ball
2-1: Ground out 3-1 (Groundball, 34)
Batting: LHB Mysterious Walker 0-0: SOLO HOME RUN (Flyball, 9D), Distance : 386 ft
Batting: LHB Jérôme Masson 0-0: Foul Ball, location: 2F
0-1: SINGLE (Line Drive, 89M)
Batting: LHB Manuel Carmona 0-0: Called Strike
0-1: Foul Ball, location: 2F
0-2: DOUBLE (Flyball, 3D)
Jérôme Masson to third
Runner from 3rd tries for Home, SAFE, no throw
Batting: RHB Brent Ryan 0-0: Swinging Strike
0-1: Foul Ball, location: 2F
0-2: Ball
1-2: Fly out, F7 (Flyball, 7LM)
Batting: RHB Ulbert Sutkamp 0-0: Ball
1-0: Ball
2-0: Foul Ball, location: 2F
2-1: Called Strike
2-2: Foul Ball, location: 2F
2-2: Ball
3-2: Ground out 3-1 (Groundball, 34)
Bottom of the 4th over - 2 runs, 3 hits, 0 errors, 1 left on base; Boston 2 - Brooklyn 2
TOP OF THE 5TH
Boston Patriots batting - Pitching for Brooklyn Dodgers : LHP Addie Samson
Batting: RHB Miguel Márquez 0-0: Foul Ball, location: 2F
0-1: Ball
1-1: Ground out 3-1 (Groundball, 34)
Batting: RHB Tamasaburo Kato 0-0: Ball
1-0: Swinging Strike
1-1: Foul Ball, location: 2F
1-2: Ball
2-2: Foul Ball, location: 2F
2-2: Ball
3-2: Base on Balls
Batting: RHB Karl Schultz 0-0: Called Strike
0-1: SINGLE (Line Drive, 8LS)
Tamasaburo Kato to second
Batting: RHB Tommy Jones 0-0: Called Strike
0-1: Foul Ball, location: 2F
0-2: Ball
1-2: Ball
2-2: Ball
3-2: Base on Balls
Tamasaburo Kato to third
Karl Schultz to second
Batting: RHB Juan Tapia 0-0: Ball
1-0: Ball
2-0: Swinging Strike
2-1: Grounds into double play, 5-4-3 (Groundball, 56)
Top of the 5th over - 0 runs, 1 hit, 0 errors, 2 left on base; Boston 2 - Brooklyn 2
BOTTOM OF THE 5TH
Brooklyn Dodgers batting - Pitching for Boston Patriots : LHP Jesús Franco
Batting: SHB Juan Rivas 0-0: Ball
1-0: Ball
2-0: SINGLE (Line Drive, 4D)
Batting: RHB Chandler Bailey 0-0: Ball
1-0: Called Strike
Juan Rivas steals 2nd base
1-1: Foul Ball, location: 2F
1-2: Ground out 6-3 (Groundball, 56)
Batting: RHB Vincent Crane 0-0: Ball
Juan Rivas is caught stealing 3rd base
1-0: Ground out 4-3 (Groundball, 4)
Bottom of the 5th over - 0 runs, 1 hit, 0 errors, 0 left on base; Boston 2 - Brooklyn 2
TOP OF THE 6TH
Boston Patriots batting - Pitching for Brooklyn Dodgers : LHP Addie Samson
Batting: RHB Terry Armstrong 0-0: Foul Ball, location: 2F
0-1: Foul Ball, location: 2F
0-2: Ground out U3 (Groundball, 3)
Batting: RHB Eddie O'Bryan 0-0: Foul Ball, location: 2F
0-1: Called Strike
0-2: Ball
1-2: Strikes out swinging
Batting: SHB Jorge Velázquez 0-0: Foul Ball, location: 2F
0-1: Ground out 1-3 (Groundball, P)
Top of the 6th over - 0 runs, 0 hits, 0 errors, 0 left on base; Boston 2 - Brooklyn 2
BOTTOM OF THE 6TH
Brooklyn Dodgers batting - Pitching for Boston Patriots : LHP Jesús Franco
Batting: LHB Ki-tak Im 0-0: Swinging Strike
0-1: Ball
1-1: SINGLE (Groundball, 4D)
Batting: LHB Mysterious Walker 0-0: Ball
1-0: Swinging Strike
1-1: Ball
2-1: Called Strike
2-2: Foul Ball, location: 2F
2-2: Ball
3-2: Strikes out swinging
Batting: LHB Jérôme Masson 0-0: Ball
1-0: Called Strike
1-1: Called Strike
1-2: Ball
2-2: Foul Ball, location: 2F
2-2: Foul Ball, location: 2F
2-2: Fly out, F9 (Flyball, 9LSF)
Batting: LHB Manuel Carmona 0-0: SINGLE (Flyball, 78S)
Ki-tak Im to second
Batting: RHB Brent Ryan 0-0: Called Strike
0-1: Foul Ball, location: 2F
0-2: Ball
1-2: Ball
2-2: Ball
3-2: Foul Ball, location: 2F
3-2: Base on Balls
Ki-tak Im to third
Manuel Carmona to second
Batting: RHB Ulbert Sutkamp 0-0: Called Strike
0-1: Ball
1-1: Foul Ball, location: 2F
1-2: Ball
2-2: Fly out, F5 (Line Drive, 5)
Bottom of the 6th over - 0 runs, 2 hits, 0 errors, 3 left on base; Boston 2 - Brooklyn 2
TOP OF THE 7TH
Boston Patriots batting - Pitching for Brooklyn Dodgers : LHP Addie Samson
Batting: RHB Alfredo García 0-0: Ball
1-0: Ball
2-0: Ball
3-0: Called Strike
3-1: Base on Balls
Batting: RHB Miguel Márquez 0-0: Bunted foul
0-1: Sac Bunt - play at first, batter OUT! 1-4
Alfredo García to second
Batting: RHB Tamasaburo Kato 0-0: SINGLE (Line Drive, 89S)
Alfredo García to third
Runner from 3rd tries for Home, SAFE, no throw
Batting: RHB Karl Schultz Pickoff Throw to First - Error! E1
Tamasaburo Kato to second
0-0: Foul Ball, location: 2F
0-1: Ball
1-1: Ball
2-1: Ground out 6-3 (Groundball, 6)
Batting: RHB Tommy Jones 0-0: Ball
1-0: Ball
2-0: Ball
3-0: Base on Balls
Batting: RHB Juan Tapia 0-0: SINGLE (Groundball, 5D)
Tamasaburo Kato to third
Tommy Jones to second
Runner from 3rd tries for Home, SAFE, no throw
Batting: RHB Terry Armstrong 0-0: Swinging Strike
0-1: Swinging Strike
0-2: Ball
1-2: Ball
2-2: Ball
3-2: Ground out 1-3 (Groundball, 13S)
Top of the 7th over - 2 runs, 2 hits, 1 error, 2 left on base; Boston 4 - Brooklyn 2
BOTTOM OF THE 7TH
Brooklyn Dodgers batting - Pitching for Boston Patriots : LHP Jesús Franco
Batting: SHB Juan Rivas 0-0: Foul Ball, location: 2F
0-1: Called Strike
0-2: Strikes out looking
Batting: RHB Chandler Bailey 0-0: Ball
1-0: Foul Ball, location: 2F
1-1: Ground out 1-3 (Groundball, P)
Batting: RHB Vincent Crane 0-0: Called Strike
0-1: Ground out 5-3 (Groundball, 56S)
Bottom of the 7th over - 0 runs, 0 hits, 0 errors, 0 left on base; Boston 4 - Brooklyn 2
TOP OF THE 8TH
Boston Patriots batting - Pitching for Brooklyn Dodgers : LHP Addie Samson
Batting: RHB Eddie O'Bryan 0-0: Foul Ball, location: 2F
0-1: DOUBLE (Groundball, 5L)
Batting: SHB Jorge Velázquez 0-0: Intentional Walk
Pitching: RHP Luis Bejarano
Batting: RHB Alfredo García 0-0: Swinging Strike
0-1: Foul Ball, location: 2F
0-2: Strikes out swinging
Batting: RHB Miguel Márquez 0-0: Called Strike
0-1: SINGLE (Line Drive, 8LS)
Eddie O'Bryan to third
Jorge Velázquez to second
Runner from 3rd tries for Home, SAFE, no throw
Batting: RHB Tamasaburo Kato 0-0: Ball
1-0: Foul Ball, location: 2F
1-1: Fly out, F9 (Flyball, 9S)
Batting: RHB Karl Schultz 0-0: Ball
1-0: Called Strike
1-1: Ball
2-1: Ball
3-1: Base on Balls
Jorge Velázquez to third
Miguel Márquez to second
Batting: RHB Tommy Jones 0-0: Ball
1-0: Ball
2-0: SINGLE (Groundball, 6MD)
Jorge Velázquez scores
Miguel Márquez to third
Karl Schultz to second
Runner from 3rd tries for Home, SAFE, no throw
Batting: RHB Juan Tapia 0-0: Foul Ball, location: 2F
0-1: Ground out 4-3 (Groundball, 4S)
Top of the 8th over - 3 runs, 3 hits, 0 errors, 2 left on base; Boston 7 - Brooklyn 2
BOTTOM OF THE 8TH
Brooklyn Dodgers batting - Pitching for Boston Patriots : LHP Jesús Franco
Batting: LHB Ki-tak Im 0-0: Called Strike
0-1: Fly out, F8 (Flyball, 8LM)
Batting: LHB Mysterious Walker 0-0: Ball
1-0: Called Strike
1-1: Foul Ball, location: 2F
1-2: Strikes out looking
Batting: LHB Jérôme Masson 0-0: Called Strike
0-1: Called Strike
0-2: Foul Ball, location: 2F
0-2: Ball
1-2: Foul Ball, location: 2F
1-2: Ball
2-2: Strikes out swinging
Bottom of the 8th over - 0 runs, 0 hits, 0 errors, 0 left on base; Boston 7 - Brooklyn 2
TOP OF THE 9TH
Boston Patriots batting - Pitching for Brooklyn Dodgers : RHP Luis Bejarano
Pitching: LHP Sjaak Bonne
Batting: RHB Terry Armstrong 0-0: Foul Ball, location: 2F
0-1: Called Strike
0-2: Ball
1-2: DOUBLE (Flyball, 9LM)
Batting: RHB Eddie O'Bryan 0-0: Ball
1-0: Foul Ball, location: 2F
1-1: Ball
2-1: Swinging Strike
2-2: Ground out 6-3 (Groundball, 6)
Batting: SHB Jorge Velázquez 0-0: Called Strike
0-1: Swinging Strike
0-2: Foul Ball, location: 2F
0-2: Strikes out swinging, 2-3 out at first.
Batting: RHB Alfredo García 0-0: Foul Ball, location: 2F
0-1: Ball
1-1: Ball
2-1: Ball
3-1: Called Strike
3-2: Base on Balls
Batting: RHB Miguel Márquez 0-0: Swinging Strike
0-1: Ball
1-1: Swinging Strike
1-2: Ball
2-2: Strikes out swinging
Top of the 9th over - 0 runs, 1 hit, 0 errors, 2 left on base; Boston 7 - Brooklyn 2
BOTTOM OF THE 9TH
Brooklyn Dodgers batting - Pitching for Boston Patriots : LHP Jesús Franco
Batting: LHB Manuel Carmona 0-0: Called Strike
0-1: Called Strike
0-2: Foul Ball, location: 2F
0-2: Ground out 1-3 (Groundball, P)
Batting: RHB Brent Ryan 0-0: Ball
1-0: DOUBLE (Flyball, 78XD)
Batting: RHB Ulbert Sutkamp 0-0: Ball
1-0: Ground out 6-3 (Groundball, 56)
Pitching: LHP Eugene Clarkston
Batting: SHB Juan Rivas 0-0: Called Strike
0-1: Called Strike
0-2: Ball
1-2: Ball
2-2: Strikes out looking
Bottom of the 9th over - 0 runs, 1 hit, 0 errors, 1 left on base; Boston 7 - Brooklyn 2
Tuesday, December 19th, 2017 - OOTP Baseball 18.8 Build 76